[ AOE2 MATCH · #487535279 ]
UnrankedItalians vs Koreans
[ REPLAY ANALYSIS · EXTRACTED FROM THE RECORDED GAME ]
Feudal
8:51
Castle
23:34
Imperial
37:55
| APM avg | 68.2 |
| APM peak | 128 |
| eAPM avg | 34.4 |
| Villagers / military | 136 / 361 |
Focus
⚔️ 62.6% · 🌾 37.4%
Archer ×349 · Genoese Crossbowman ×7 · Trebuchet (Packed) ×3 · Spearman ×2
Feudal
8:33
Castle
22:30
Imperial
41:06
| APM avg | 49.2 |
| APM peak | 80 |
| eAPM avg | 23.4 |
| Villagers / military | 104 / 191 |
Focus
⚔️ 45.6% · 🌾 54.4%
Archer ×180 · Iron Pagoda ×7 · Battering Ram ×3 · Trebuchet (Packed) ×1
Feudal
9:24
Castle
28:19
Imperial
—
| APM avg | 61.7 |
| APM peak | 133 |
| eAPM avg | 23.8 |
| Villagers / military | 115 / 147 |
Focus
⚔️ 45.6% · 🌾 54.4%
Archer ×147
Feudal
8:51
Castle
25:11
Imperial
—
| APM avg | 44.0 |
| APM peak | 90 |
| eAPM avg | 20.0 |
| Villagers / military | 172 / 183 |
Focus
⚔️ 41.8% · 🌾 58.2%
Scout Cavalry ×147 · Steppe Lancer ×26 · Skirmisher ×10
Feudal
9:00
Castle
21:46
Imperial
45:38
| APM avg | 59.8 |
| APM peak | 114 |
| eAPM avg | 24.2 |
| Villagers / military | 155 / 248 |
Focus
⚔️ 32.2% · 🌾 67.8%
Knight ×231 · Scout Cavalry ×17
Feudal
9:22
Castle
27:35
Imperial
50:24
| APM avg | 55.0 |
| APM peak | 102 |
| eAPM avg | 21.9 |
| Villagers / military | 152 / 191 |
Focus
⚔️ 40.5% · 🌾 59.5%
Knight ×121 · Scout Cavalry ×69 · Spearman ×1
Match map
Initial resources + every placement click. Lines = walls · curves = elevation contours. ◆ gold · ⬟ stone · ● berries · ✦ relic · ◌ wall gap
Your base· ✓ Closed at 23:34 · 65t walls · 1 gate(s)
喜碧夫人时间到's base· Open — 6t gap
FMG | Juanmpi's base· Open — unwalled flank
Serein's base· Open — 1t gap
FMG | Fedee's base· ✓ Closed at 21:46 · 63t walls · 2 gate(s)
帝三鲜's base· ✓ Closed at 27:35 · 32t walls · 1 gate(s)
Smoothed initial terrain · ◌ = detected wall gap · hover for details
Inputs per minute
— FMG | GreatMaty - - 喜碧夫人时间到
Build order — FMG | GreatMaty
First 150 of 583 actions detected
| 0:01 | Create | Villager (Male) |
| 0:01 | Create | Villager (Male) |
| 0:02 | Build | House |
| 0:03 | Build | House |
| 0:15 | Create | Villager (Male) |
| 0:16 | Create | Villager (Male) |
| 0:16 | Create | Villager (Male) |
| 1:15 | Create | Villager (Male) |
| 1:41 | Create | Villager (Male) |
| 1:41 | Create | Villager (Male) |
| 2:21 | Create | Villager (Male) |
| 2:22 | Create | Villager (Male) |
| 2:29 | Build | Lumber Camp |
| 2:41 | Create | Villager (Male) |
| 2:41 | Create | Villager (Male) |
| 2:59 | Create | Villager (Male) |
| 2:59 | Create | Villager (Male) |
| 3:22 | Create | Villager (Male) |
| 3:22 | Create | Villager (Male) |
| 3:24 | Build | House |
| 4:00 | Create | Villager (Male) |
| 4:27 | Create | Villager (Male) |
| 4:45 | Create | Villager (Male) |
| 5:18 | Build | Mining Camp |
| 5:34 | Create | Villager (Male) |
| 5:34 | Research | Loom |
| 6:40 | Research | Feudal Age |
| 6:40 | Research | Feudal Age |
| 7:22 | Build | Barracks |
| 8:04 | Build | House |
| 8:40 | Create | Villager (Male) |
| 8:51 | Age | Feudal Age |
| 8:54 | Build | Archery Range |
| 8:57 | Build | Archery Range |
| 9:00 | Create | Villager (Male) |
| 9:30 | Create | Villager (Male) |
| 9:35 | Build | House |
| 9:38 | Create | Spearman |
| 9:46 | Build | Blacksmith |
| 9:47 | Create | Archer |
| 9:47 | Create | Archer |
| 9:52 | Create | Archer |
| 10:00 | Create | Villager (Male) |
| 10:04 | Build | Palisade Wall |
| 10:05 | Build | Palisade Wall |
| 10:11 | Build | House |
| 10:20 | Create | Villager (Male) |
| 10:21 | Create | Villager (Male) |
| 10:48 | Create | Archer |
| 10:48 | Create | Archer |
| 10:48 | Create | Archer |
| 10:50 | Create | Spearman |
| 10:55 | Build | Mill |
| 11:07 | Create | Villager (Male) |
| 11:19 | Create | Archer |
| 11:19 | Create | Archer |
| 11:22 | Create | Villager (Male) |
| 11:22 | Create | Villager (Male) |
| 11:34 | Build | House |
| 11:36 | Build | Palisade Wall |
| 11:37 | Build | Palisade Wall |
| 11:41 | Build | House |
| 11:46 | Create | Archer |
| 11:57 | Create | Villager (Male) |
| 11:57 | Create | Villager (Male) |
| 12:03 | Build | House |
| 12:07 | Create | Archer |
| 12:07 | Create | Archer |
| 12:15 | Build | Farm |
| 12:16 | Build | Farm |
| 12:16 | Build | Farm |
| 12:31 | Create | Villager (Male) |
| 12:31 | Create | Villager (Male) |
| 12:42 | Create | Archer |
| 12:51 | Create | Archer |
| 12:59 | Research | Fletching |
| 12:59 | Research | Fletching |
| 13:11 | Build | Farm |
| 13:13 | Build | Farm |
| 13:17 | Build | Palisade Wall |
| 13:28 | Create | Archer |
| 13:28 | Create | Archer |
| 13:37 | Create | Archer |
| 13:38 | Create | Archer |
| 13:47 | Create | Villager (Male) |
| 13:53 | Build | Farm |
| 13:59 | Build | House |
| 14:06 | Create | Villager (Male) |
| 14:07 | Create | Archer |
| 14:07 | Create | Archer |
| 14:13 | Build | House |
| 14:14 | Build | Palisade Wall |
| 14:26 | Create | Archer |
| 14:26 | Create | Archer |
| 14:33 | Create | Villager (Male) |
| 14:33 | Create | Villager (Male) |
| 14:36 | Build | Palisade Wall |
| 14:49 | Create | Villager (Male) |
| 14:50 | Create | Archer |
| 14:50 | Create | Archer |
| 14:56 | Build | Farm |
| 15:02 | Build | Palisade Wall |
| 15:04 | Create | Villager (Male) |
| 15:04 | Create | Villager (Male) |
| 15:11 | Build | Palisade Wall |
| 15:16 | Build | Palisade Wall |
| 15:24 | Create | Archer |
| 15:40 | Create | Archer |
| 15:41 | Create | Archer |
| 15:44 | Build | Palisade Wall |
| 15:57 | Create | Villager (Male) |
| 15:58 | Create | Archer |
| 15:58 | Create | Archer |
| 16:00 | Build | Palisade Wall |
| 16:01 | Build | Palisade Wall |
| 16:13 | Create | Villager (Male) |
| 16:17 | Build | Farm |
| 16:20 | Build | Farm |
| 16:23 | Build | Palisade Wall |
| 16:25 | Create | Villager (Male) |
| 16:35 | Build | Palisade Wall |
| 16:42 | Create | Villager (Male) |
| 16:47 | Build | Farm |
| 16:50 | Build | Farm |
| 16:51 | Build | Farm |
| 17:11 | Create | Villager (Male) |
| 17:11 | Create | Villager (Male) |
| 17:13 | Create | Archer |
| 17:13 | Create | Archer |
| 17:13 | Create | Archer |
| 17:29 | Create | Archer |
| 17:30 | Create | Archer |
| 17:43 | Build | Palisade Wall |
| 17:49 | Build | House |
| 17:53 | Build | Farm |
| 18:02 | Build | House |
| 18:02 | Build | House |
| 18:03 | Build | Palisade Wall |
| 18:20 | Build | House |
| 18:24 | Create | Archer |
| 18:26 | Create | Villager (Male) |
| 18:33 | Build | Palisade Gate |
| 18:44 | Create | Archer |
| 18:44 | Create | Archer |
| 18:54 | Create | Villager (Male) |
| 19:13 | Create | Villager (Male) |
| 19:28 | Build | Farm |
| 19:51 | Build | Market |
| 19:52 | Create | Villager (Male) |
| 19:53 | Create | Archer |
Build order — 喜碧夫人时间到
First 150 of 451 actions detected
| 0:01 | Create | Villager (Male) |
| 0:01 | Create | Villager (Male) |
| 0:02 | Build | House |
| 0:03 | Build | House |
| 0:16 | Create | Villager (Male) |
| 0:16 | Create | Villager (Male) |
| 1:23 | Create | Villager (Male) |
| 2:07 | Create | Villager (Male) |
| 2:09 | Build | Lumber Camp |
| 2:25 | Create | Villager (Male) |
| 2:57 | Create | Villager (Male) |
| 2:58 | Create | Villager (Male) |
| 3:00 | Create | Villager (Male) |
| 3:42 | Create | Villager (Male) |
| 3:53 | Build | House |
| 4:06 | Create | Villager (Male) |
| 4:39 | Create | Villager (Male) |
| 4:59 | Create | Villager (Male) |
| 5:11 | Build | Mining Camp |
| 5:17 | Create | Villager (Male) |
| 5:53 | Research | Loom |
| 6:23 | Research | Feudal Age |
| 6:23 | Research | Feudal Age |
| 6:59 | Build | House |
| 7:12 | Build | House |
| 7:12 | Build | House |
| 7:50 | Build | Barracks |
| 8:33 | Age | Feudal Age |
| 8:36 | Build | Archery Range |
| 8:38 | Create | Villager (Male) |
| 9:04 | Create | Villager (Male) |
| 9:17 | Build | Archery Range |
| 9:18 | Create | Archer |
| 9:30 | Create | Villager (Male) |
| 9:44 | Create | Archer |
| 9:50 | Create | Villager (Male) |
| 10:01 | Create | Archer |
| 10:01 | Create | Archer |
| 10:10 | Build | Palisade Wall |
| 10:16 | Create | Villager (Male) |
| 10:26 | Build | Blacksmith |
| 10:40 | Create | Archer |
| 10:40 | Create | Archer |
| 10:44 | Create | Villager (Male) |
| 10:53 | Create | Archer |
| 10:53 | Create | Archer |
| 11:09 | Create | Villager (Male) |
| 11:10 | Create | Villager (Male) |
| 11:15 | Build | House |
| 11:27 | Create | Archer |
| 11:28 | Create | Archer |
| 11:38 | Build | Mill |
| 11:40 | Create | Villager (Male) |
| 11:43 | Build | House |
| 11:45 | Build | House |
| 11:55 | Create | Archer |
| 12:11 | Create | Villager (Male) |
| 12:23 | Create | Archer |
| 12:33 | Build | Palisade Wall |
| 12:36 | Create | Villager (Male) |
| 12:44 | Create | Archer |
| 12:55 | Research | Fletching |
| 12:59 | Build | Farm |
| 13:03 | Build | Farm |
| 13:04 | Build | Farm |
| 13:13 | Create | Archer |
| 13:13 | Create | Archer |
| 13:14 | Create | Archer |
| 13:23 | Build | Farm |
| 13:43 | Create | Archer |
| 13:43 | Create | Archer |
| 13:50 | Create | Villager (Male) |
| 13:55 | Create | Archer |
| 14:02 | Build | Farm |
| 14:07 | Build | Palisade Wall |
| 14:19 | Create | Villager (Male) |
| 14:28 | Create | Archer |
| 14:28 | Create | Archer |
| 14:37 | Create | Villager (Male) |
| 14:41 | Build | Farm |
| 14:52 | Build | House |
| 14:57 | Create | Villager (Male) |
| 14:59 | Create | Archer |
| 14:59 | Create | Archer |
| 15:21 | Create | Archer |
| 15:21 | Create | Archer |
| 15:24 | Build | Farm |
| 15:27 | Build | Farm |
| 15:34 | Create | Villager (Male) |
| 15:37 | Build | House |
| 15:38 | Build | House |
| 15:58 | Create | Villager (Male) |
| 16:00 | Build | Farm |
| 16:01 | Create | Archer |
| 16:02 | Create | Archer |
| 16:34 | Create | Archer |
| 16:34 | Create | Archer |
| 16:41 | Build | House |
| 16:42 | Create | Villager (Male) |
| 16:46 | Build | Farm |
| 16:47 | Build | Farm |
| 17:01 | Create | Archer |
| 17:01 | Create | Archer |
| 17:05 | Create | Villager (Male) |
| 17:15 | Create | Archer |
| 17:19 | Build | Farm |
| 17:24 | Create | Villager (Male) |
| 17:39 | Create | Archer |
| 17:40 | Create | Villager (Male) |
| 17:47 | Build | Farm |
| 18:01 | Create | Archer |
| 18:03 | Create | Villager (Male) |
| 18:11 | Create | Archer |
| 18:17 | Build | House |
| 18:19 | Build | Palisade Wall |
| 18:30 | Create | Archer |
| 19:22 | Create | Villager (Male) |
| 19:34 | Create | Archer |
| 19:50 | Research | Castle Age |
| 19:50 | Research | Castle Age |
| 20:17 | Create | Archer |
| 20:17 | Create | Archer |
| 20:23 | Build | Mining Camp |
| 20:30 | Research | Double-Bit Axe |
| 20:31 | Research | Horse Collar |
| 20:31 | Research | Horse Collar |
| 20:36 | Research | Gold Mining |
| 20:37 | Research | Gold Mining |
| 21:10 | Create | Archer |
| 21:10 | Create | Archer |
| 21:19 | Build | House |
| 21:22 | Build | Lumber Camp |
| 21:38 | Create | Archer |
| 21:38 | Create | Archer |
| 22:02 | Create | Archer |
| 22:03 | Create | Archer |
| 22:03 | Create | Archer |
| 22:22 | Create | Archer |
| 22:22 | Create | Archer |
| 22:30 | Age | Castle Age |
| 22:34 | Research | Bodkin Arrow |
| 22:40 | Research | Crossbowman (upgrade) |
| 22:48 | Create | Archer |
| 22:49 | Create | Archer |
| 23:01 | Build | University |
| 23:08 | Create | Archer |
| 23:16 | Build | Mining Camp |
| 23:37 | Create | Villager (Male) |
| 23:39 | Create | Villager (Male) |
| 23:39 | Create | Villager (Male) |
Build order — FMG | Juanmpi
First 150 of 392 actions detected
| 0:00 | Create | Villager (Male) |
| 0:00 | Create | Villager (Male) |
| 0:01 | Build | House |
| 0:02 | Build | House |
| 0:06 | Create | Villager (Male) |
| 0:07 | Create | Villager (Male) |
| 0:07 | Create | Villager (Male) |
| 1:26 | Create | Villager (Male) |
| 2:02 | Create | Villager (Male) |
| 2:03 | Create | Villager (Male) |
| 2:11 | Build | Lumber Camp |
| 2:15 | Create | Villager (Male) |
| 2:45 | Create | Villager (Male) |
| 2:45 | Create | Villager (Male) |
| 2:57 | Create | Villager (Male) |
| 3:08 | Build | House |
| 3:30 | Create | Villager (Male) |
| 3:31 | Create | Villager (Male) |
| 3:44 | Create | Villager (Male) |
| 3:44 | Create | Villager (Male) |
| 4:29 | Create | Villager (Male) |
| 4:30 | Create | Villager (Male) |
| 4:31 | Create | Villager (Male) |
| 5:16 | Build | Mining Camp |
| 5:23 | Create | Villager (Male) |
| 5:23 | Create | Villager (Male) |
| 5:24 | Create | Villager (Male) |
| 5:27 | Create | Villager (Male) |
| 5:57 | Create | Villager (Male) |
| 6:28 | Research | Loom |
| 6:48 | Research | Loom |
| 7:14 | Research | Feudal Age |
| 7:55 | Create | Villager (Male) |
| 8:19 | Build | Barracks |
| 8:44 | Build | House |
| 9:03 | Create | Villager (Male) |
| 9:24 | Age | Feudal Age |
| 9:28 | Build | Archery Range |
| 9:31 | Research | Double-Bit Axe |
| 9:40 | Create | Villager (Male) |
| 9:51 | Build | Archery Range |
| 10:01 | Create | Villager (Male) |
| 10:16 | Create | Archer |
| 10:18 | Build | House |
| 10:22 | Create | Archer |
| 10:26 | Create | Villager (Male) |
| 10:36 | Create | Archer |
| 10:37 | Create | Villager (Male) |
| 10:48 | Build | Mill |
| 10:58 | Research | Town Watch |
| 11:00 | Create | Archer |
| 11:03 | Build | House |
| 11:12 | Create | Archer |
| 11:13 | Create | Villager (Male) |
| 11:21 | Create | Archer |
| 11:28 | Create | Archer |
| 11:37 | Create | Archer |
| 11:39 | Build | Palisade Wall |
| 11:43 | Build | Palisade Wall |
| 11:47 | Create | Archer |
| 11:50 | Create | Villager (Male) |
| 12:05 | Create | Villager (Male) |
| 12:08 | Build | House |
| 12:13 | Create | Archer |
| 12:15 | Build | Farm |
| 12:16 | Build | Farm |
| 12:44 | Build | Blacksmith |
| 12:47 | Create | Archer |
| 12:54 | Create | Villager (Male) |
| 12:56 | Create | Archer |
| 13:10 | Create | Archer |
| 13:15 | Build | House |
| 13:16 | Build | Palisade Wall |
| 13:21 | Create | Villager (Male) |
| 13:29 | Create | Villager (Male) |
| 13:34 | Create | Villager (Male) |
| 13:36 | Build | Farm |
| 13:37 | Build | Farm |
| 13:42 | Research | Fletching |
| 13:53 | Build | Farm |
| 13:57 | Create | Villager (Male) |
| 13:59 | Build | House |
| 14:10 | Create | Archer |
| 14:11 | Create | Archer |
| 14:13 | Build | House |
| 14:24 | Build | Palisade Wall |
| 14:25 | Build | Palisade Wall |
| 14:27 | Build | Palisade Wall |
| 14:29 | Build | House |
| 14:31 | Build | House |
| 14:33 | Build | Palisade Wall |
| 14:51 | Create | Archer |
| 14:52 | Create | Villager (Male) |
| 15:02 | Research | Padded Archer Armor |
| 15:08 | Create | Archer |
| 15:08 | Create | Archer |
| 15:10 | Create | Villager (Male) |
| 15:10 | Create | Villager (Male) |
| 15:21 | Create | Villager (Male) |
| 15:30 | Create | Villager (Male) |
| 15:44 | Create | Archer |
| 15:44 | Create | Archer |
| 15:55 | Build | Farm |
| 16:35 | Create | Archer |
| 16:36 | Create | Archer |
| 16:36 | Create | Villager (Male) |
| 16:36 | Create | Villager (Male) |
| 16:44 | Create | Archer |
| 16:44 | Create | Archer |
| 16:49 | Create | Villager (Male) |
| 16:53 | Create | Archer |
| 17:03 | Create | Archer |
| 17:07 | Create | Villager (Male) |
| 17:17 | Create | Archer |
| 17:22 | Build | Farm |
| 17:25 | Build | Farm |
| 17:26 | Create | Villager (Male) |
| 17:36 | Create | Archer |
| 17:44 | Create | Archer |
| 18:04 | Create | Archer |
| 18:05 | Create | Archer |
| 18:24 | Build | Lumber Camp |
| 18:30 | Create | Archer |
| 18:34 | Create | Archer |
| 18:41 | Create | Villager (Male) |
| 18:42 | Create | Archer |
| 18:44 | Create | Villager (Male) |
| 18:46 | Build | Farm |
| 19:20 | Create | Archer |
| 19:20 | Create | Archer |
| 19:24 | Create | Archer |
| 19:24 | Create | Archer |
| 19:43 | Create | Archer |
| 19:44 | Create | Archer |
| 19:44 | Create | Archer |
| 19:46 | Create | Villager (Male) |
| 19:53 | Build | Archery Range |
| 19:57 | Build | House |
| 19:58 | Create | Villager (Male) |
| 20:12 | Create | Archer |
| 20:14 | Create | Villager (Male) |
| 20:24 | Build | House |
| 20:27 | Build | Farm |
| 20:33 | Create | Archer |
| 20:33 | Create | Archer |
| 20:39 | Create | Villager (Male) |
| 20:47 | Build | Watch Tower |
| 20:47 | Create | Villager (Male) |
| 20:57 | Create | Archer |
| 21:02 | Create | Archer |
Build order — Serein
First 150 of 411 actions detected
| 0:01 | Create | Villager (Male) |
| 0:01 | Create | Villager (Male) |
| 0:02 | Build | House |
| 0:04 | Build | House |
| 0:27 | Create | Villager (Male) |
| 0:37 | Create | Villager (Male) |
| 1:11 | Create | Villager (Male) |
| 1:12 | Create | Villager (Male) |
| 1:46 | Create | Villager (Male) |
| 2:03 | Build | Lumber Camp |
| 2:13 | Create | Villager (Male) |
| 2:47 | Create | Villager (Male) |
| 2:47 | Create | Villager (Male) |
| 3:08 | Create | Villager (Male) |
| 3:08 | Create | Villager (Male) |
| 3:21 | Build | House |
| 3:39 | Create | Villager (Male) |
| 3:39 | Create | Villager (Male) |
| 3:46 | Create | Villager (Male) |
| 4:03 | Create | Villager (Male) |
| 4:13 | Create | Villager (Male) |
| 4:42 | Create | Villager (Male) |
| 5:10 | Build | Mill |
| 5:35 | Create | Villager (Male) |
| 5:35 | Create | Villager (Male) |
| 5:36 | Research | Loom |
| 6:28 | Research | Feudal Age |
| 7:04 | Build | House |
| 7:57 | Build | Barracks |
| 7:58 | Build | Palisade Wall |
| 8:16 | Create | Villager (Male) |
| 8:22 | Build | House |
| 8:51 | Age | Feudal Age |
| 8:57 | Build | Stable |
| 9:06 | Research | Double-Bit Axe |
| 9:10 | Create | Villager (Male) |
| 9:19 | Build | Palisade Wall |
| 9:31 | Create | Villager (Male) |
| 9:42 | Create | Villager (Male) |
| 9:47 | Create | Scout Cavalry |
| 9:59 | Build | Pasture |
| 10:15 | Build | Pasture |
| 10:22 | Create | Villager (Male) |
| 10:24 | Build | Pasture |
| 10:35 | Build | Pasture |
| 10:46 | Create | Villager (Male) |
| 11:04 | Build | Palisade Wall |
| 11:08 | Create | Scout Cavalry |
| 11:25 | Create | Villager (Male) |
| 11:31 | Build | Blacksmith |
| 11:44 | Create | Villager (Male) |
| 11:53 | Build | House |
| 12:04 | Build | Pasture |
| 12:06 | Create | Scout Cavalry |
| 12:09 | Create | Villager (Male) |
| 12:31 | Create | Villager (Male) |
| 12:35 | Research | Forging |
| 12:35 | Research | Forging |
| 12:40 | Build | Pasture |
| 12:48 | Create | Villager (Male) |
| 12:48 | Create | Villager (Male) |
| 13:01 | Build | Pasture |
| 13:08 | Build | Palisade Wall |
| 13:11 | Create | Villager (Male) |
| 13:11 | Create | Villager (Male) |
| 13:27 | Create | Villager (Male) |
| 13:34 | Create | Villager (Male) |
| 13:48 | Create | Villager (Male) |
| 13:55 | Build | Pasture |
| 13:58 | Build | Pasture |
| 14:02 | Create | Villager (Male) |
| 14:14 | Build | Palisade Wall |
| 14:19 | Build | Pasture |
| 14:22 | Create | Scout Cavalry |
| 14:22 | Create | Scout Cavalry |
| 14:33 | Build | House |
| 14:42 | Research | Scale Barding Armor |
| 14:57 | Create | Villager (Male) |
| 15:01 | Build | Stable |
| 15:05 | Build | Palisade Wall |
| 15:16 | Create | Scout Cavalry |
| 15:16 | Create | Villager (Male) |
| 15:16 | Create | Villager (Male) |
| 15:23 | Build | Palisade Wall |
| 15:34 | Create | Scout Cavalry |
| 15:36 | Create | Villager (Male) |
| 15:51 | Create | Villager (Male) |
| 15:59 | Create | Scout Cavalry |
| 15:59 | Create | Scout Cavalry |
| 16:04 | Build | House |
| 16:17 | Create | Villager (Male) |
| 16:20 | Build | Lumber Camp |
| 16:30 | Build | House |
| 16:31 | Create | Scout Cavalry |
| 16:32 | Create | Scout Cavalry |
| 16:41 | Create | Scout Cavalry |
| 17:16 | Create | Scout Cavalry |
| 17:26 | Create | Scout Cavalry |
| 17:34 | Create | Villager (Male) |
| 17:46 | Build | Pasture |
| 17:48 | Build | Pasture |
| 17:51 | Create | Scout Cavalry |
| 17:59 | Build | House |
| 18:00 | Build | Palisade Wall |
| 18:07 | Create | Villager (Male) |
| 18:10 | Create | Scout Cavalry |
| 18:17 | Create | Villager (Male) |
| 18:19 | Create | Scout Cavalry |
| 18:23 | Create | Scout Cavalry |
| 18:34 | Create | Villager (Male) |
| 18:40 | Create | Villager (Male) |
| 18:43 | Build | Mining Camp |
| 18:51 | Create | Scout Cavalry |
| 19:11 | Create | Villager (Male) |
| 19:21 | Create | Scout Cavalry |
| 19:21 | Create | Scout Cavalry |
| 19:24 | Build | Stable |
| 19:33 | Build | House |
| 19:45 | Create | Scout Cavalry |
| 19:46 | Create | Scout Cavalry |
| 19:53 | Build | House |
| 19:54 | Build | House |
| 20:06 | Create | Scout Cavalry |
| 20:10 | Create | Villager (Male) |
| 20:13 | Research | Tech 1014 |
| 20:24 | Create | Villager (Male) |
| 20:31 | Create | Scout Cavalry |
| 20:31 | Create | Scout Cavalry |
| 20:47 | Create | Villager (Male) |
| 20:51 | Research | Wheelbarrow |
| 20:51 | Create | Villager (Male) |
| 20:55 | Build | Pasture |
| 21:14 | Create | Villager (Male) |
| 22:18 | Build | Pasture |
| 22:26 | Research | Castle Age |
| 22:36 | Create | Scout Cavalry |
| 22:36 | Create | Scout Cavalry |
| 22:37 | Create | Scout Cavalry |
| 22:41 | Build | House |
| 22:42 | Build | Palisade Wall |
| 23:22 | Create | Villager (Male) |
| 23:28 | Build | Pasture |
| 23:32 | Build | Pasture |
| 23:40 | Create | Scout Cavalry |
| 23:40 | Create | Scout Cavalry |
| 23:41 | Create | Scout Cavalry |
| 23:44 | Create | Villager (Male) |
| 23:47 | Build | House |
| 23:49 | Build | House |
| 23:51 | Build | House |
Build order — FMG | Fedee
First 150 of 600 actions detected
| 0:00 | Create | Villager (Male) |
| 0:01 | Create | Villager (Male) |
| 0:01 | Create | Villager (Male) |
| 0:02 | Create | Villager (Male) |
| 0:02 | Create | Villager (Male) |
| 0:05 | Build | House |
| 0:06 | Build | House |
| 1:30 | Create | Villager (Male) |
| 1:56 | Build | Lumber Camp |
| 2:01 | Create | Villager (Male) |
| 2:01 | Create | Villager (Male) |
| 2:02 | Create | Villager (Male) |
| 2:18 | Create | Villager (Male) |
| 2:18 | Create | Villager (Male) |
| 2:49 | Create | Villager (Male) |
| 2:49 | Create | Villager (Male) |
| 3:26 | Build | House |
| 3:28 | Create | Villager (Male) |
| 3:46 | Create | Villager (Male) |
| 3:57 | Create | Villager (Male) |
| 3:57 | Create | Villager (Male) |
| 4:32 | Build | Mill |
| 4:42 | Create | Villager (Male) |
| 4:43 | Create | Villager (Male) |
| 4:44 | Create | Villager (Male) |
| 5:17 | Create | Villager (Male) |
| 5:23 | Research | Loom |
| 6:50 | Research | Feudal Age |
| 7:21 | Create | Villager (Male) |
| 7:47 | Build | House |
| 9:00 | Age | Feudal Age |
| 9:03 | Build | Stable |
| 9:06 | Research | Double-Bit Axe |
| 9:08 | Research | Horse Collar |
| 9:24 | Create | Villager (Male) |
| 9:27 | Build | Farm |
| 9:40 | Create | Villager (Male) |
| 9:44 | Build | Farm |
| 9:51 | Build | Palisade Wall |
| 9:51 | Create | Scout Cavalry |
| 9:59 | Create | Villager (Male) |
| 10:04 | Create | Villager (Male) |
| 10:08 | Build | Farm |
| 10:23 | Build | Palisade Wall |
| 10:28 | Build | Palisade Wall |
| 10:33 | Build | Farm |
| 10:36 | Create | Scout Cavalry |
| 10:47 | Build | House |
| 10:59 | Create | Scout Cavalry |
| 11:03 | Build | Farm |
| 11:06 | Build | Farm |
| 11:29 | Build | Palisade Wall |
| 11:32 | Build | Farm |
| 11:32 | Build | Farm |
| 11:32 | Build | Farm |
| 11:33 | Build | Farm |
| 11:37 | Create | Villager (Male) |
| 11:42 | Build | Palisade Wall |
| 11:48 | Build | House |
| 11:59 | Create | Villager (Male) |
| 12:13 | Build | Farm |
| 12:19 | Create | Scout Cavalry |
| 12:19 | Create | Scout Cavalry |
| 12:28 | Build | Farm |
| 12:28 | Build | Farm |
| 12:28 | Build | Farm |
| 12:29 | Build | Farm |
| 12:47 | Build | House |
| 12:49 | Build | Palisade Wall |
| 12:53 | Create | Villager (Male) |
| 12:58 | Create | Scout Cavalry |
| 13:07 | Build | Farm |
| 13:11 | Build | Farm |
| 13:16 | Build | Palisade Wall |
| 13:20 | Create | Villager (Male) |
| 13:25 | Build | Palisade Gate |
| 13:40 | Build | Palisade Wall |
| 14:05 | Create | Scout Cavalry |
| 14:06 | Create | Villager (Male) |
| 14:11 | Create | Villager (Male) |
| 14:18 | Build | Palisade Wall |
| 14:20 | Create | Villager (Male) |
| 14:23 | Build | Farm |
| 14:27 | Build | Farm |
| 14:28 | Create | Villager (Male) |
| 14:31 | Create | Scout Cavalry |
| 14:46 | Create | Scout Cavalry |
| 14:47 | Create | Villager (Male) |
| 14:56 | Create | Scout Cavalry |
| 15:05 | Build | Blacksmith |
| 15:14 | Create | Scout Cavalry |
| 15:27 | Build | Farm |
| 15:30 | Build | Palisade Gate |
| 15:36 | Create | Villager (Male) |
| 15:49 | Build | House |
| 16:01 | Create | Villager (Male) |
| 16:11 | Build | Mining Camp |
| 16:34 | Create | Scout Cavalry |
| 16:44 | Build | House |
| 16:45 | Build | House |
| 16:59 | Research | Scale Barding Armor |
| 17:08 | Create | Scout Cavalry |
| 17:11 | Create | Villager (Male) |
| 17:13 | Research | Wheelbarrow |
| 17:49 | Build | House |
| 18:23 | Build | Stable |
| 19:06 | Research | Castle Age |
| 19:29 | Build | Stable |
| 19:37 | Build | Palisade Wall |
| 19:59 | Research | Bloodlines |
| 20:01 | Research | Forging |
| 20:18 | Research | Gold Mining |
| 21:03 | Create | Villager (Male) |
| 21:46 | Age | Castle Age |
| 21:47 | Research | Chain Barding Armor |
| 21:47 | Research | Chain Barding Armor |
| 21:48 | Create | Knight |
| 21:48 | Create | Knight |
| 21:48 | Create | Knight |
| 21:49 | Create | Knight |
| 21:49 | Create | Knight |
| 21:49 | Create | Knight |
| 21:52 | Build | Town Center |
| 22:02 | Research | Husbandry |
| 22:04 | Create | Villager (Male) |
| 22:20 | Create | Knight |
| 22:20 | Create | Knight |
| 22:21 | Create | Knight |
| 22:21 | Create | Villager (Male) |
| 22:38 | Create | Knight |
| 22:39 | Create | Knight |
| 22:39 | Create | Knight |
| 22:50 | Create | Villager (Male) |
| 23:04 | Create | Knight |
| 23:04 | Create | Knight |
| 23:32 | Create | Knight |
| 23:33 | Create | Knight |
| 23:33 | Create | Villager (Male) |
| 23:46 | Create | Villager (Male) |
| 23:54 | Build | House |
| 24:07 | Create | Villager (Male) |
| 24:19 | Create | Scout Cavalry |
| 24:19 | Create | Scout Cavalry |
| 24:20 | Create | Scout Cavalry |
| 24:20 | Create | Scout Cavalry |
| 24:36 | Create | Villager (Male) |
| 24:42 | Create | Knight |
| 24:43 | Create | Knight |
| 24:57 | Build | Farm |
| 25:02 | Create | Knight |
Build order — 帝三鲜
First 150 of 487 actions detected
| 0:01 | Create | Villager (Male) |
| 0:01 | Create | Villager (Male) |
| 0:02 | Create | Villager (Male) |
| 0:02 | Create | Villager (Male) |
| 0:03 | Build | House |
| 0:04 | Build | House |
| 1:39 | Create | Villager (Male) |
| 1:39 | Create | Villager (Male) |
| 1:45 | Build | Lumber Camp |
| 2:07 | Create | Villager (Male) |
| 2:07 | Create | Villager (Male) |
| 2:26 | Create | Villager (Male) |
| 2:26 | Create | Villager (Male) |
| 2:26 | Create | Villager (Male) |
| 2:54 | Create | Villager (Male) |
| 2:55 | Create | Villager (Male) |
| 2:55 | Create | Villager (Male) |
| 3:05 | Build | House |
| 3:24 | Create | Villager (Male) |
| 3:24 | Create | Villager (Male) |
| 3:24 | Create | Villager (Male) |
| 3:39 | Create | Villager (Male) |
| 3:40 | Create | Villager (Male) |
| 3:48 | Create | Villager (Male) |
| 4:41 | Build | Mill |
| 4:50 | Create | Villager (Male) |
| 4:50 | Create | Villager (Male) |
| 4:51 | Create | Villager (Male) |
| 5:18 | Create | Villager (Male) |
| 5:21 | Create | Villager (Male) |
| 6:22 | Research | Loom |
| 7:05 | Create | Villager (Male) |
| 7:12 | Research | Feudal Age |
| 8:06 | Build | Barracks |
| 8:20 | Build | House |
| 8:25 | Build | Palisade Wall |
| 8:33 | Build | Palisade Wall |
| 9:15 | Build | House |
| 9:18 | Create | Villager (Male) |
| 9:18 | Create | Villager (Male) |
| 9:22 | Age | Feudal Age |
| 9:39 | Build | Palisade Wall |
| 9:39 | Build | Palisade Wall |
| 9:43 | Build | Stable |
| 9:58 | Build | Palisade Wall |
| 10:12 | Create | Villager (Male) |
| 10:16 | Create | Spearman |
| 10:29 | Build | Palisade Wall |
| 10:31 | Build | Palisade Wall |
| 10:34 | Create | Scout Cavalry |
| 10:50 | Create | Villager (Male) |
| 10:51 | Create | Scout Cavalry |
| 11:02 | Build | Palisade Wall |
| 11:08 | Research | Double-Bit Axe |
| 11:12 | Build | Farm |
| 11:12 | Build | Farm |
| 11:12 | Build | Farm |
| 11:12 | Build | Farm |
| 11:12 | Build | Farm |
| 11:13 | Build | Farm |
| 11:20 | Create | Villager (Male) |
| 11:21 | Create | Scout Cavalry |
| 11:21 | Create | Scout Cavalry |
| 11:22 | Create | Scout Cavalry |
| 11:44 | Create | Villager (Male) |
| 11:49 | Build | House |
| 11:50 | Build | House |
| 11:51 | Build | House |
| 11:54 | Build | Farm |
| 11:55 | Build | Farm |
| 11:55 | Build | Farm |
| 12:06 | Create | Villager (Male) |
| 12:09 | Build | Palisade Gate |
| 12:22 | Create | Scout Cavalry |
| 12:22 | Create | Scout Cavalry |
| 12:22 | Create | Scout Cavalry |
| 12:23 | Create | Villager (Male) |
| 12:23 | Create | Villager (Male) |
| 12:36 | Build | Farm |
| 12:36 | Build | Farm |
| 12:47 | Create | Villager (Male) |
| 12:51 | Build | House |
| 13:01 | Create | Villager (Male) |
| 13:07 | Create | Scout Cavalry |
| 13:07 | Create | Scout Cavalry |
| 13:10 | Build | Farm |
| 13:11 | Build | Farm |
| 13:22 | Create | Villager (Male) |
| 13:25 | Build | Farm |
| 13:31 | Build | House |
| 13:32 | Build | House |
| 13:33 | Build | House |
| 13:35 | Create | Scout Cavalry |
| 13:35 | Create | Scout Cavalry |
| 14:05 | Create | Villager (Male) |
| 14:06 | Create | Scout Cavalry |
| 14:06 | Create | Scout Cavalry |
| 14:33 | Create | Scout Cavalry |
| 14:33 | Create | Villager (Male) |
| 14:33 | Create | Villager (Male) |
| 14:55 | Build | Farm |
| 14:56 | Build | Farm |
| 14:56 | Build | Farm |
| 14:56 | Build | Farm |
| 14:56 | Build | Farm |
| 14:56 | Build | Farm |
| 15:04 | Create | Villager (Male) |
| 15:18 | Create | Villager (Male) |
| 15:37 | Build | Blacksmith |
| 15:38 | Create | Scout Cavalry |
| 15:38 | Create | Scout Cavalry |
| 15:39 | Create | Scout Cavalry |
| 15:58 | Create | Villager (Male) |
| 15:58 | Create | Villager (Male) |
| 16:03 | Create | Villager (Male) |
| 16:05 | Build | Farm |
| 16:06 | Build | Farm |
| 16:36 | Research | Scale Barding Armor |
| 16:36 | Research | Scale Barding Armor |
| 16:36 | Research | Scale Barding Armor |
| 16:52 | Build | Farm |
| 16:52 | Build | Farm |
| 16:53 | Build | Farm |
| 17:13 | Create | Villager (Male) |
| 17:17 | Build | Mining Camp |
| 17:20 | Create | Villager (Male) |
| 17:27 | Build | Stable |
| 17:47 | Create | Scout Cavalry |
| 17:47 | Create | Scout Cavalry |
| 17:49 | Create | Villager (Male) |
| 17:52 | Build | House |
| 17:55 | Build | Farm |
| 18:08 | Create | Villager (Male) |
| 18:21 | Build | Farm |
| 18:23 | Create | Scout Cavalry |
| 18:23 | Create | Scout Cavalry |
| 18:41 | Build | Mining Camp |
| 18:45 | Create | Scout Cavalry |
| 18:45 | Create | Scout Cavalry |
| 18:45 | Create | Scout Cavalry |
| 18:45 | Create | Villager (Male) |
| 19:20 | Create | Scout Cavalry |
| 19:21 | Create | Scout Cavalry |
| 19:21 | Create | Scout Cavalry |
| 19:21 | Create | Villager (Male) |
| 19:22 | Create | Villager (Male) |
| 19:43 | Create | Villager (Male) |
| 19:55 | Create | Villager (Male) |
| 19:55 | Create | Scout Cavalry |
| 19:56 | Create | Scout Cavalry |
Match timeline
| 7:22 | FMG | GreatMaty · first_building Barracks |
| 7:50 | 喜碧夫人时间到 · first_building Barracks |
| 7:57 | Serein · first_building Barracks |
| 7:58 | Serein · wall_segment Palisade Wall x1 |
| 8:06 | 帝三鲜 · first_building Barracks |
| 8:19 | FMG | Juanmpi · first_building Barracks |
| 8:25 | 帝三鲜 · wall_segment Palisade Wall x1 |
| 8:33 | 帝三鲜 · wall_segment Palisade Wall x8 |
| 8:33 | 喜碧夫人时间到 · age_up feudal |
| 8:36 | 喜碧夫人时间到 · first_building Archery Range |
| 8:51 | Serein · age_up feudal |
| 8:51 | FMG | GreatMaty · age_up feudal |
| 8:54 | FMG | GreatMaty · first_building Archery Range |
| 8:57 | Serein · first_building Stable |
| 9:00 | FMG | Fedee · age_up feudal |
| 9:03 | FMG | Fedee · first_building Stable |
| 9:19 | Serein · wall_segment Palisade Wall x1 |
| 9:22 | 帝三鲜 · age_up feudal |
| 9:24 | FMG | Juanmpi · age_up feudal |
| 9:28 | FMG | Juanmpi · first_building Archery Range |
| 9:39 | 帝三鲜 · wall_segment Palisade Wall x1 |
| 9:39 | 帝三鲜 · wall_segment Palisade Wall x1 |
| 9:43 | 帝三鲜 · first_building Stable |
| 9:51 | FMG | Fedee · wall_segment Palisade Wall x5 |
| 9:58 | 帝三鲜 · wall_segment Palisade Wall x6 |
| 10:04 | FMG | GreatMaty · wall_segment Palisade Wall x1 |
| 10:05 | FMG | GreatMaty · wall_segment Palisade Wall x1 |
| 10:10 | 喜碧夫人时间到 · wall_segment Palisade Wall x7 |
| 10:23 | FMG | Fedee · wall_segment Palisade Wall x9 |
| 10:28 | FMG | Fedee · wall_segment Palisade Wall x10 |
| 10:29 | 帝三鲜 · wall_segment Palisade Wall x5 |
| 10:31 | 帝三鲜 · wall_segment Palisade Wall x6 |
| 11:02 | 帝三鲜 · wall_segment Palisade Wall x4 |
| 11:04 | Serein · wall_segment Palisade Wall x6 |
| 11:29 | FMG | Fedee · wall_segment Palisade Wall x7 |
| 11:36 | FMG | GreatMaty · wall_segment Palisade Wall x2 |
| 11:37 | FMG | GreatMaty · wall_segment Palisade Wall x3 |
| 11:39 | FMG | Juanmpi · wall_segment Palisade Wall x1 |
| 11:42 | FMG | Fedee · wall_segment Palisade Wall x7 |
| 11:43 | FMG | Juanmpi · wall_segment Palisade Wall x10 |
| 12:33 | 喜碧夫人时间到 · wall_segment Palisade Wall x8 |
| 12:49 | FMG | Fedee · wall_segment Palisade Wall x11 |
| 13:08 | Serein · wall_segment Palisade Wall x4 |
| 13:16 | FMG | Juanmpi · wall_segment Palisade Wall x4 |
| 13:16 | FMG | Fedee · wall_segment Palisade Wall x1 |
| 13:17 | FMG | GreatMaty · wall_segment Palisade Wall x6 |
| 13:40 | FMG | Fedee · wall_segment Palisade Wall x6 |
| 14:07 | 喜碧夫人时间到 · wall_segment Palisade Wall x3 |
| 14:14 | Serein · wall_segment Palisade Wall x5 |
| 14:14 | FMG | GreatMaty · wall_segment Palisade Wall x2 |
| 14:18 | FMG | Fedee · wall_segment Palisade Wall x6 |
| 14:24 | FMG | Juanmpi · wall_segment Palisade Wall x1 |
| 14:25 | FMG | Juanmpi · wall_segment Palisade Wall x1 |
| 14:27 | FMG | Juanmpi · wall_segment Palisade Wall x1 |
| 14:33 | FMG | Juanmpi · wall_segment Palisade Wall x1 |
| 14:36 | FMG | GreatMaty · wall_segment Palisade Wall x6 |
| 15:02 | FMG | GreatMaty · wall_segment Palisade Wall x6 |
| 15:05 | Serein · wall_segment Palisade Wall x7 |
| 15:11 | FMG | GreatMaty · wall_segment Palisade Wall x10 |
| 15:16 | FMG | GreatMaty · wall_segment Palisade Wall x4 |
| 15:23 | Serein · wall_segment Palisade Wall x5 |
| 15:44 | FMG | GreatMaty · wall_segment Palisade Wall x1 |
| 16:00 | FMG | GreatMaty · wall_segment Palisade Wall x1 |
| 16:01 | FMG | GreatMaty · wall_segment Palisade Wall x1 |
| 16:23 | FMG | GreatMaty · wall_segment Palisade Wall x1 |
| 16:35 | FMG | GreatMaty · wall_segment Palisade Wall x1 |
| 17:43 | FMG | GreatMaty · wall_segment Palisade Wall x11 |
| 18:00 | Serein · wall_segment Palisade Wall x1 |
| 18:03 | FMG | GreatMaty · wall_segment Palisade Wall x2 |
| 18:19 | 喜碧夫人时间到 · wall_segment Palisade Wall x15 |
| 19:37 | FMG | Fedee · wall_segment Palisade Wall x1 |
| 20:09 | FMG | GreatMaty · wall_segment Palisade Wall x9 |
| 20:41 | FMG | GreatMaty · wall_segment Palisade Wall x10 |
| 21:46 | FMG | Fedee · age_up castle |
| 21:51 | FMG | GreatMaty · first_market_buy 100 wood |
| 22:30 | 喜碧夫人时间到 · age_up castle |
| 22:42 | Serein · wall_segment Palisade Wall x1 |
| 23:34 | FMG | GreatMaty · age_up castle |
| 23:53 | Serein · wall_segment Palisade Wall x4 |
| 24:08 | Serein · wall_segment Palisade Wall x1 |
| 24:41 | FMG | Juanmpi · first_market_buy 500 food |
| 24:42 | FMG | GreatMaty · first_market_sell 100 wood |
| 25:11 | Serein · age_up castle |
| 27:18 | 喜碧夫人时间到 · first_building Siege Workshop |
| 27:35 | 帝三鲜 · age_up castle |
| 27:44 | 帝三鲜 · first_market_sell 100 wood |
| 27:45 | 帝三鲜 · first_market_buy 100 food |
| 28:19 | FMG | Juanmpi · age_up castle |
| 29:34 | FMG | GreatMaty · wall_segment Palisade Wall x1 |
| 29:39 | FMG | GreatMaty · wall_segment Stone Wall x1 |
| 29:41 | FMG | GreatMaty · wall_segment Stone Wall x1 |
| 30:49 | 喜碧夫人时间到 · wall_segment Stone Wall x1 |
| 30:52 | 喜碧夫人时间到 · wall_segment Stone Wall x1 |
| 31:48 | FMG | Juanmpi · wall_segment Palisade Wall x1 |
| 32:08 | FMG | Juanmpi · wall_segment Palisade Wall x1 |
| 32:24 | FMG | GreatMaty · wall_segment Palisade Wall x1 |
| 32:43 | FMG | GreatMaty · first_building Monastery |
| 33:26 | Serein · first_market_buy 100 food |
| 37:36 | FMG | GreatMaty · first_building Castle |
| 37:55 | FMG | GreatMaty · age_up imperial |
| 38:20 | Serein · first_market_sell 100 wood |
| 38:49 | FMG | Fedee · first_market_buy 100 wood |
| 38:59 | FMG | Fedee · tribute_sent a jugador 1 |
| 38:59 | FMG | Fedee · tribute_sent a jugador 2 |
| 38:59 | FMG | Fedee · tribute_sent a jugador 3 |
| 38:59 | FMG | Fedee · tribute_sent a jugador 5 |
| 38:59 | FMG | Fedee · tribute_sent a jugador 6 |
| 41:00 | 帝三鲜 · first_building Castle |
| 41:06 | 喜碧夫人时间到 · age_up imperial |
| 41:27 | 喜碧夫人时间到 · first_building Castle |
| 45:16 | FMG | Fedee · first_market_sell 100 wood |
| 45:38 | FMG | Fedee · age_up imperial |
| 46:04 | FMG | Juanmpi · wall_segment Stone Wall x12 |
| 47:39 | Serein · first_building Archery Range |
| 48:21 | 帝三鲜 · tribute_sent a jugador 1 |
| 48:21 | 帝三鲜 · tribute_sent a jugador 2 |
| 48:21 | 帝三鲜 · tribute_sent a jugador 3 |
| 48:21 | 帝三鲜 · tribute_sent a jugador 4 |
| 48:21 | 帝三鲜 · tribute_sent a jugador 6 |
| 48:51 | FMG | GreatMaty · first_building Stable |
| 50:24 | 帝三鲜 · age_up imperial |
| 50:33 | Serein · resign |
[ AI ANALYSIS · 1 CREDIT ]
What really happened in this match?
Wolo.gg analyzes every decision: build order, eco, micro, common mistakes by bracket. Personalized analysis on WhatsApp or Discord in 30 seconds.
Civ guide
Italians
Perfil
Jugador #9082593